General information
- name: fewa
- type: Custom game
- host: MUGARO
- saver: MUGARO
map: EchoIsles
- players: 2
- length: 32:57
- speed: Fast
- version: 1.24 W3XP
- replay type: Public
» download(92 KB)
Players
team 1 (winner)

»
MUGARO (
green | 68 APM | 2248 actions | 32:57)
6 Mountain King
3 Storm Bolt
2 Bash
1 Avatar
5 Paladin
3 Holy Light
2 Divine Shield
» actions
| Assign group hotkey | 16 | |
| Basic commands | 41 | |
| Build / train | 120 | |
| ESC pressed | 2 | |
| Enter build submenu | 43 | |
| Enter hero's abilities submenu | 11 | |
| Give item / drop item | 14 | |
| Remove unit from queue | 1 | |
| Right click | 795 | |
| Select / deselect | 798 | |
| Select group hotkey | 264 | |
| Use ability | 143 | |
2248 total
» units
| Peasant | 28 | |
| Footman | 5 | |
| Gryphon Rider | 2 | |
35 total
» upgrades
| Masonry | 3 | |
| Gunpowder | 3 | |
| Plating | 4 | |
| Lumber Harvesting | 2 | |
| Animal War Training | 1 | |
| Barrage | 1 | |
| Fragmentation Shards | 1 | |
| Flak Cannons | 1 | |
| Flare | 1 | |
| Flying Machine Bombs | 1 | |
| Storm Hammers | 1 | |
| Cloud | 1 | |
| Long Rifles | 1 | |
| Defend | 1 | |
| Backpack | 1 | |
| Swords | 3 | |
| Armor | 3 | |
| Magic Sentry | 1 | |
| Control Magic | 1 | |
| Sorceress Training | 2 | |
| Priest Training | 2 | |
35 total
» buildings
| Altar of Kings | 1 | |
| Barracks | 1 | |
| Farm | 9 | |
| Arcane Vault | 3 | |
| Lumber Mill | 1 | |
| Scout Tower | 15 | |
| Town Hall | 2 | |
| Guard Tower | 10 | |
| Keep | 2 | |
| Blacksmith | 1 | |
| Castle | 1 | |
| Workshop | 3 | |
| Gryphon Aviary | 2 | |
| Arcane Sanctum | 1 | |
52 total
» build order
00:08 Altar of Kings
00:19 Barracks
00:29 Farm
00:31 Farm
01:36 Farm
01:57 Farm
02:37 Farm
03:00 Arcane Vault
03:14 Lumber Mill
03:30 Scout Tower
03:32 Scout Tower
04:12 Town Hall
04:15 Scout Tower
04:17 Scout Tower
04:20 Scout Tower
04:26 Guard Tower
04:34 Scout Tower
04:47 Guard Tower
05:06 Guard Tower
05:29 Guard Tower
05:41 Guard Tower
05:45 Guard Tower
05:56 Scout Tower
05:59 Scout Tower
06:37 Keep
07:07 Blacksmith
07:09 Farm
07:14 Farm
07:19 Guard Tower
08:02 Farm
08:59 Castle
09:21 Keep
09:23 Workshop
09:26 Workshop
09:33 Arcane Vault
09:45 Scout Tower
10:15 Guard Tower
10:17 Scout Tower
13:57 Workshop
14:32 Gryphon Aviary
14:33 Gryphon Aviary
15:20 Town Hall
15:23 Scout Tower
15:24 Scout Tower
15:33 Arcane Vault
15:40 Scout Tower
15:42 Scout Tower
15:46 Scout Tower
16:17 Guard Tower
16:33 Guard Tower
18:35 Farm
21:35 Arcane Sanctum
» items
| Scroll of Regeneration | 4 | |
| Lesser Clarity Potion | 5 | |
| Orb of Fire | 2 | |
| Staff of Sanctuary | 2 | |
| Boots of Speed | 2 | |
| Staff of Teleportation | 2 | |
| Potion of Healing | 1 | |
| Potion of Mana | 1 | |
| Potion of Greater Mana | 1 | |
| Pendant of Energy | 1 | |
| Ring of Regeneration | 1 | |
22 total
team 2 (loser)

»
ROTS19 (
orange | 53 APM | 1732 actions | 32:56)
4 Dreadlord
2 Vampiric Aura
2 Sleep
2 Dark Ranger
1 Silence
1 Black Arrow
» actions
| Assign group hotkey | 65 | |
| Basic commands | 10 | |
| Build / train | 59 | |
| Enter build submenu | 21 | |
| Enter hero's abilities submenu | 6 | |
| Give item / drop item | 1 | |
| Remove unit from queue | 1 | |
| Right click | 938 | |
| Select / deselect | 406 | |
| Select group hotkey | 144 | |
| Use ability | 81 | |
1732 total
» units
| Acolyte | 3 | |
| Ghoul | 8 | |
| Gargoyle | 12 | |
| Forest Troll Shadow Priest | 1 | |
| Ogre Mauler | 1 | |
| Mud Golem | 1 | |
| Meatwagon | 1 | |
27 total
» upgrades
| Unholy Strength | 2 | |
| Creature Attack | 3 | |
| Creature Carapace | 3 | |
| Stone Form | 1 | |
9 total
» buildings
| Altar of Darkness | 3 | |
| Ziggurat | 8 | |
| Crypt | 2 | |
| Nerubian Tower | 1 | |
| Tomb of Relics | 1 | |
| Graveyard | 1 | |
| Spirit Tower | 2 | |
| Halls of the Dead | 1 | |
| Black Citadel | 1 | |
| Slaughterhouse | 1 | |
21 total
» build order
00:04 Altar of Darkness
00:12 Ziggurat
00:16 Altar of Darkness
00:20 Crypt
01:24 Nerubian Tower
01:58 Crypt
02:15 Ziggurat
02:51 Tomb of Relics
03:09 Ziggurat
03:22 Graveyard
05:21 Spirit Tower
05:55 Halls of the Dead
11:33 Black Citadel
20:55 Slaughterhouse
22:48 Ziggurat
22:56 Ziggurat
22:59 Ziggurat
23:02 Ziggurat
23:07 Ziggurat
24:20 Spirit Tower
27:46 Altar of Darkness
» items
| Rod of Necromancy | 1 | |
| Circlet of Nobility | 2 | |
| Scroll of Town Portal | 2 | |
| Potion of Healing | 2 | |
| Orb of Corruption | 2 | |
9 total
Chat log
(00:27 / All) ROTS19: gl hf
(00:45 / All) ROTS19: so you gonna be uploadin this replays?
(00:50 / All) MUGARO: have to
(00:54 / All) ROTS19: yeah i nkow
(00:57 / All) MUGARO: so yeah i will
(00:59 / All) ROTS19: was just wondering who would do it
(08:15 / All) MUGARO: getting all kinds of bashes on creeps
(08:18 / All) MUGARO: that never happens to me in ladder
(08:22 / All) ROTS19: lol
(08:23 / All) MUGARO: lv1 bash like crazy
(08:56 / All) ROTS19: OH COMON IM UNDER 50%
(09:04 / All) ROTS19: you don't need that many towers
(09:06 / All) MUGARO: the fac tthat i ONLY made 4 towers
(09:11 / All) MUGARO: usually i make more
(12:28 / All) ROTS19: it looks like im doing better than against mccain
(12:45 / All) MUGARO: im still deciding what to make
(12:57 / All) MUGARO: might as well get all the upgrades
(13:52 / All) ROTS19: well that went bad
(13:59 / All) ROTS19: damn towers saving you teh gaem
(15:36 / All) MUGARO: you killed my shop again
(15:39 / All) ROTS19: lol
(19:07 / All) ROTS19: well i haven't seen any pro UD replays really so i don't really have a good idea besides massing 1 unit like i do in 4s RT
(19:19 / All) ROTS19: and you have 2 exps im fucked lol
(19:32 / All) MUGARO: yeah i havent made any units yet
(19:56 / All) ROTS19: OH COMON I SEILCNED
(21:53 / All) MUGARO: i like to call it the "break glass in case of emergency" strat
(21:58 / All) MUGARO: i got the buildings ready to go
(22:06 / All) ROTS19: i see
(22:18 / All) MUGARO: getting some gryphons to clear the turtles though
(22:22 / All) ROTS19: although I don't see how a 47% RT player is ever an emergency lol
(22:29 / All) MUGARO: thats how you do it
(23:25 / All) ROTS19: i mean i can beat the comp on normal olol
(24:09 / All) ROTS19: well
(24:14 / All) ROTS19: Now i'm on my last few cents
(24:40 / All) MUGARO: i found 3 boots of speed from creeps
(24:49 / All) MUGARO: k im attack moving these gryphons to you
(25:01 / All) MUGARO: well
(25:03 / All) MUGARO: ill use them a bit
(25:04 / All) ROTS19: wait
(25:19 / All) ROTS19: im like totally not ready
(25:39 / All) ROTS19: woot that looked cool lol
(26:03 / All) ROTS19: NO THATS MY LAST AND ONLY WAGON
(26:55 / All) ROTS19: well
(27:00 / All) ROTS19: I guess ill just hide out in my base then.
(27:12 / All) MUGARO: im going to pee while my mana regenerates
(27:21 / All) ROTS19: w/e your towers will keep me at bay
(28:42 / All) MUGARO: that sprite goes through you
(29:26 / All) ROTS19: lol
(29:36 / All) ROTS19: this looks bad
(29:59 / All) MUGARO: i wish you could still bolt buildings
(30:04 / All) ROTS19: lol
(30:28 / All) ROTS19: well
(31:09 / All) ROTS19: AW COMON
(31:14 / All) MUGARO: cant let you have it
(31:19 / All) ROTS19: At least Mccain let me kill his blademaster lol
(31:32 / All) MUGARO: mccain also gave up the election by choosing a moron for a running mate
(32:55 / All) ROTS19: K gg